 Dungeon Crawl Stone Soup version 0.28.0-43-g3370ac3207 (console) character file.

Game seed: 9878889418793937214

33 Zeor the Conjurer (level 3, 0/14 HPs)
             Began as a Felid Conjurer on Mar 17, 2022.
             Blown up by Ijyb (14 damage)
             ... with a mindburst bolt
             ... on level 3 of the Dungeon.
             The game lasted 00:07:27 (3075 turns).

Zeor the Conjurer (Felid Conjurer)                  Turns: 3075, Time: 00:07:28

Health: 0/14       AC:  1    Str:  3    XL:     3   Next: 12%
Magic:  8/8        EV: 18    Int: 21    God:
Gold:   93         SH:  0    Dex: 14    Spells: 1/7 levels left
                                        Lives:  0   Deaths: 1

rFire   . . .      SeeInvis +   (weapon unavailable)
rCold   . . .      Faith    .   (shield unavailable)
rNeg    + . .      Spirit   .   (armour unavailable)
rPois   .          Reflect  .   (helmet unavailable)
rElec   .          Harm     .   (cloak unavailable)
rCorr   .          Rampage  .   (gloves unavailable)
Will    .....                   (boots unavailable)
Stlth   ++........              (no amulet)
HPRegen 0.04/turn               a - ring of positive energy
MPRegen 0.11/turn               (no ring)

@: quick
A: very small, claws 1, fangs 3, see invisible, speed 1, shaggy fur 1, stealthy
paws, no weapons or thrown items, no armour, multi-lived
a: no special abilities


You were on level 3 of the Dungeon.
You visited 1 branch of the dungeon, and saw 3 of its levels.

You collected 93 gold pieces.

Inventory:

Jewellery
 a - a ring of positive energy (left paw)
Scrolls
 d - 2 scrolls of teleportation
Potions
 c - a potion of curing
 f - a potion of might {unknown}


   Skills:
 * Level 3.8 Dodging
 + Level 2.8 Stealth
 + Level 0.3 Unarmed Combat
 * Level 2.6 Spellcasting
 + Level 4.3 Conjurations


You had one spell level left.
You knew the following spells:

 Your Spells              Type           Power      Damage    Failure   Level
a - Magic Dart            Conj           84%        1d7       2%          1
b - Searing Ray           Conj           42%        2d6       3%          2
c - Dazzling Flash        Conj/Hex       22%        N/A       17%         3

Your spell library contained the following spells:

 Spells                   Type           Power      Damage    Failure   Level
 Stone Arrow              Conj/Erth      22%        3d8       17%         3
 Corpse Rot               Necr/Air       4%         N/A       22%         2
 Call Canine Familiar     Summ           2%         N/A       38%         3
 Fulminant Prism          Conj/Hex       5%         3d7       50%         4
 Iskenderun's Mystic Bla  Conj/Tloc      11%        2d4       50%         4
 Airstrike                Air            1%         N/A       80%         4
 Dispel Undead            Necr           2%         3d7       80%         4
 Leda's Liquefaction      Hex/Erth       1%         N/A       80%         4
 Summon Lightning Spire   Summ/Air       2%         N/A       80%         4
 Lightning Bolt           Conj/Air       5%         1d17      83%         5
 Death Channel            Necr           1%         N/A       100%        6
 Lehudib's Crystal Spear  Conj/Erth      5%         10d3      100%        8
 Portal Projectile        Hex/Tloc       Unusable   N/A       N/A         3
 Animate Armour           Summ/Erth      Unusable   N/A       N/A         4

Dungeon Overview and Level Annotations

Branches:
Dungeon (3/15)

Altars:

Annotations:
D:3 Ijyb


Innate Abilities, Weirdness & Mutations

You have sharp claws.
You have razor-sharp teeth.
You have supernaturally acute eyesight. (SInv)
You cover ground quickly. (Speed+)
You are covered in fur. (AC +1)
Your paws help you pounce on unaware monsters.
You are incapable of wielding weapons or throwing items.
You cannot wear armour.
You gain extra lives every three experience levels.


Message History

You start resting.
Ijyb the Twisted Goblin opens the door.
She is wielding a +2 dagger of protection and carrying a wand of mindburst (17).
Casting: Searing Ray (safe; 3% risk of failure)
Confirm with . or Enter, or press ? or * to list all spells.
Aiming: Searing Ray (safe; 3% risk of failure)
Press: ? - help, Shift-Dir - straight line, f - Ijyb
Aim: Ijyb, wielding a +2 dagger of protection, wearing a +0 ring mail and carrying a wand of mindburst (17) (wandering, hasn't noticed you, 75% to hit)
Okay, then.
Casting: Searing Ray (safe; 3% risk of failure)
Confirm with . or Enter, or press ? or * to list all spells.
The spell is potentially lethal to miscast (17% risk of failure)!
Continue anyway?
Casting: Dazzling Flash (potentially lethal; 17% risk of failure)
Press: ? - help, Dir - look around, f - activate Ijyb shouts!
Casting: Dazzling Flash (potentially lethal; 17% risk of failure)
Confirm with . or Enter, or press ? or * to list all spells.
Aiming: Searing Ray (safe; 3% risk of failure)
Press: ? - help, Shift-Dir - straight line, f - Ijyb
Aim: Ijyb, wielding a +2 dagger of protection, wearing a +0 ring mail and carrying a wand of mindburst (17) (75% to hit)
The searing ray hits Ijyb.
Ijyb is lightly wounded. (Press . to maintain the ray.) Ijyb hits you with a +2 dagger of protection.
The searing ray misses Ijyb.
Ijyb hits you with a +2 dagger of protection.
It was a potion of flight.
You feel very buoyant.
You fly up into the air.
Ijyb misses you.
You feel better.
Ijyb hits you with a +2 dagger of protection.
It was a potion of invisibility.
You fade into invisibility!
Ijyb zaps a wand.
Your mind is blasted!
Ouch! That really hurt!
You die...
You are now level 3!
You rejoin the land of the living...
Ijyb zaps a wand.
Your mind is blasted!
Ouch! That really hurt!
You die...

∙∙∙∙)g[∙▒▒▒▒▒▒
▒∙▒∙∙∙∙∙∙∙▒
∙∙∙∙∙▒▒∙∙▒∙∙∙▒
▒∙▒∙▒▒▒▒▒∙▒
∙∙∙∙∙▒▒▒∙▒∙∙∙▒ ▒∙▒∙▒
▒∙▒ ∙∙∙∙∙▒ ▒∙∙∙∙∙▒
▒∙▒∙▒ ▒▒▒ ∙∙∙∙∙▒
▒▒∙∙∙∙▒ ▒∙▒∙▒ ∙∙∙∙∙▒
▒∙∙∙∙▒ ▒∙▒∙▒
▒▒▒▒▒▒▒▒▒▒∙∙∙▒▒▒∙▒∙▒
∙∙∙∙∙∙∙'∙g∙'∙∙∙∙∙▒
▒▒▒▒▒▒▒▒∙∙∙▒▒▒h▒▒▒
▒∙∙∙▒ ▒∙▒ ▒▒▒▒▒
▒∙∙∙▒ ▒∙▒ ▒∙∙∙▒
▒∙∙∙▒ ▒∙▒ ▒▒▒∙∙∙▒
▒▒∙∙▒ ▒∙▒ ∙∙▒∙∙∙▒
▒▒∙▒ ▒∙▒ ▒▒▒ ∙∙▒∙∙∙▒
▒∙▒▒▒∙▒ ▒▒▒▒▒∙▒
∙∙▒∙∙∙▒ ▒∙∙▒▒∙▒
▒∙∙∙∙∙▒ ∙∙▒∙∙∙▒
▒▒∙▒▒∙▒ ▒∙▒▒▒∙▒


You could see Ijyb.

Vanquished Creatures
  An adder (D:3)
  3 worms
  A dart slug (D:3)
  3 orcs (D:3)
  8 ball pythons
  3 endoplasms
  2 giant cockroaches
  4 goblins
  3 hobgoblins
  7 jackals
  A quokka (D:2)
  4 bats
  3 frilled lizards
  5 kobolds
  2 rats
50 creatures vanquished.

Notes
Turn   | Place    | Note
-------+----------+-------------------------------------------
     0 | D:1      | Zeor the Felid Conjurer began the quest for the Orb.
     0 | D:1      | Reached XP level 1. HP: 7/7 MP: 4/4
   469 | D:1      | Found a faded altar of an unknown god.
   473 | D:1      | Reached XP level 2. HP: 11/11 MP: 4/6
   926 | D:1      | Learned a level 2 spell: Searing Ray
  1265 | D:2      | Reached skill level 4 in Conjurations
  1398 | D:2      | Reached XP level 3. HP: 14/14 MP: 1/7
  1402 | D:2      | Learned a level 3 spell: Dazzling Flash
  2509 | D:3      | Noticed Ijyb
  2511 | D:3      | Reached XP level 4. HP: 18/18 MP: 0/8
  3063 | D:3      | Blown up by Ijyb
  3064 | D:3      | Reached XP level 3. HP: -6/14 MP: 1/8
  3075 | D:3      | Blown up by Ijyb

Illustrated notes

Levels and vault maps discovered:
D:1:      dpeg_arrival_orchard, layout_basic,
          hellmonk_ecumenical_altar_pennies_from_heaven, serial_park_tiny_pond
D:2:      layout_loops_ring
D:3:      layout_basic, eino_tiny_chamber, uniq_ijyb, uniq_natasha

Skill      XL: |  1  2 |
---------------+-------+-----
Dodging        | 3 |  3.8
Conjurations   | 4 |  4.3
Stealth        | |  2.8
Unarmed Combat | |  0.3
Spellcasting   | |  2.6

Action                   |  1- 3 |  4- 6 || total
-------------------------+-------+-------++-------
Melee: Unarmed           |     9 |     1 ||    10
       Bite              |     1 |     1 ||     2
 Cast: Magic Dart        |    79 |    16 ||    95
       Searing Ray       |     7 |     3 ||    10
       Dazzling Flash    |       |     1 ||     1
  Use: Scroll            |     5 |       ||     5
       Potion            |       |     3 ||     3
Armor: Skin              |     1 |       ||     1
Dodge: Dodged            |    18 |     8 ||    26
